 Dungeon Crawl Stone Soup version 0.22-a0-259-gdd11e71 (webtiles) character file.

21 HEYYEYAAE the Caller (level 2, -1/22 HPs)
             Began as a Demigod Summoner on Mar 5, 2018.
             Slain by a goblin (4 damage)
             ... on level 2 of the Dungeon.
             The game lasted 00:01:35 (944 turns).

HEYYEYAAE the Caller (Demigod Summoner)              Turns: 944, Time: 00:01:36

Health: -1/22      AC:  2    Str: 11    XL:     2   Next: 45%
Magic:  4/7        EV: 12    Int: 24    God:
Gold:   15         SH:  0    Dex: 16    Spells: 3/4 levels left

rFire    . . .     SeeInvis .   k - +0 short sword (speed)
rCold    . . .     Gourm    .   (no shield)
rNeg     . . .     Faith    .   a - +0 robe
rPois    .         Spirit   .   (no helmet)
rElec    .         Reflect  .   (no cloak)
rCorr    .         Harm     .   (no gloves)
MR       .....                  (no boots)
Stlth    ++........             (no amulet)
HPRegen  0.07/turn              (no ring)
MPRegen  0.10/turn              (no ring)

@: brilliant
A: high mp 1
a: no special abilities


You were on level 2 of the Dungeon.
You were not hungry.

You visited 1 branch of the dungeon, and saw 2 of its levels.

You collected 15 gold pieces.

Inventory:

Hand Weapons
 d - a +0 short sword
 k - a +0 short sword of speed (weapon)
Armour
 a - a +0 robe (worn)
 h - a cursed +0 ring mail
 i - a +1 ring mail of fire resistance
Scrolls
 b - a scroll of teleportation {unknown}
 e - a scroll of enchant armour {unknown}
 f - a scroll of fog {unknown}
 g - a scroll of amnesia {unknown}
 l - a scroll of blinking {unknown}
Comestibles
 c - a ration


   Skills:
 + Level 0.7 Fighting
 + Level 0.5 Armour
 + Level 1.9 Dodging
 - Level 1.7 Stealth
 + Level 1.9 Spellcasting
 * Level 3.9 Summonings


You had 3 spell levels left.
You knew the following spells:

 Your Spells              Type           Power        Failure   Level  Hunger
a - Summon Small Mammal   Summ           ####         1%          1    #......


Dungeon Overview and Level Annotations

Branches:
Dungeon (2/15)

Annotations:
D:2 Robin


Innate Abilities, Weirdness & Mutations

You have an increased reservoir of magic. (+10% MP)


Message History

You see here a stone.
An adder comes into view.
Your bat hits the goblin.
The adder moves out of view.
The goblin shoots a stone.
The stone hits you.
* * * LOW HITPOINT WARNING * * *
The goblin hits your bat but does no damage.
You see here a stone.
Your bat closely misses the goblin.
The goblin unwields an uncursed hunting sling.
The goblin hits you.
* * * LOW HITPOINT WARNING * * *
The hobgoblin closely misses your bat. The goblin hits your bat with a club.
Your bat dies!
Your bat's corpse disappears in a puff of smoke!
The goblin shouts!
Found a ring mail.
It was a potion of brilliance.
You feel clever all of a sudden. The goblin hits you.
You die...

###§.##.###
##.§g###.##
#..###....#
#.g###....#
#.g(#.....#
#.#†g.#...##
#...gg#.$..##
#.###§(.....#
..#
##.@..#...
...#
#g........
##.
......####[ .
##.......
.....####
....###
.###!. .# ##


You could see 2 hobgoblins and 4 goblins.

Vanquished Creatures
  A dart slug (D:1)
  2 bats (D:1)
  3 goblins
  A jackal (D:1)
  A frilled lizard (D:1)
8 creatures vanquished.

Vanquished Creatures (collateral kills)
  2 goblins (D:1)
  3 hobgoblins
  3 jackals (D:1)
  3 bats (D:1)
  A kobold (D:1)
  4 rats (D:1)
16 creatures vanquished.

Grand Total: 24 creatures vanquished

Notes
Turn   | Place    | Note
-------+----------+-------------------------------------------
     0 | D:1      | HEYYEYAAE the Demigod Summoner began the quest for the Orb.
     0 | D:1      | Reached XP level 1. HP: 14/14 MP: 5/5
   637 | D:1      | Reached XP level 2. HP: 16/22 MP: 2/7
   918 | D:2      | Noticed Robin
   944 | D:2      | Slain by a goblin

Vault maps used:
D:1:      dpeg_arrival_connections
D:2:      lemuel_upstairs_altar, nicolae_overflow_hidden_temple, first_ration,
          grunt_qazlal_sundering, uniq_robin

Action                   || total
-------------------------++-------
Melee: Unarmed           ||     9
       Short sword       ||    21
 Cast: Summon Small Mamm ||    27
  Use: Potion            ||     1
 Stab: Distracted        ||     3
Armor: Robe              ||    14
Dodge: Dodged            ||    37

Table legend:
 A = Spawn XP
 B = Non-spawn XP
 C = Spawn XP percentage of total XP
 D = Spawn monster count
 E = Non-spawn monster count
 F = Spawn count percentage of total count
 G = Total turns spent on level
                    A         B        C        D         E        F      G
               +---------+---------+-------+---------+---------+-------+---------
         Total |       0 |      30 |   0.0 |       0 |      24 |   0.0 |   944
               +---------+---------+-------+---------+---------+-------+---------
           D:1 |       0 |      26 |   0.0 |       0 |      22 |   0.0 |   918
           D:2 |       0 |       4 |   0.0 |       0 |       2 |   0.0 |    26
               +---------+---------+-------+---------+---------+-------+---------
